A+ WEST
SPOKANE INDIANS @ HILLSBORO HOPS
07/09/2041
 
TOP OF THE 1ST
Spokane Indians batting - Pitching for Hillsboro Hops : LHP José Flores
Pitching: LHP José Flores
Batting: RHB Rubén Chávez 0-0: Ball
1-0: Called Strike
1-1: Called Strike
1-2: Foul Ball, location: 9LDF
1-2: Strikes out swinging
Batting: RHB Dave Howard 0-0: Ball
1-0: Ball
2-0: Ball
3-0: Called Strike
3-1: Fly out, F8 (Flyball, 8RD, EV 107.5 MPH)
Batting: SHB Ken Webb 0-0: Ball
1-0: Ball
2-0: Called Strike
2-1: Foul Ball, location: 5SF
2-2: Strikes out swinging
Top of the 1st over - 0 runs, 0 hits, 0 errors, 0 left on base; Spokane 0 - Hillsboro 0
BOTTOM OF THE 1ST
Hillsboro Hops batting - Pitching for Spokane Indians : RHP Gil Hill
Pitching: RHP Gil Hill
Batting: LHB Jim Hicks 0-0: Ball
1-0: Ball
2-0: Ball
3-0: Base on Balls
Batting: RHB Geoff French 0-0: Foul Ball, location: 23F
0-1: Swinging Strike
0-2: Ball
1-2: Ball
2-2: Grounds into double play, U6-3 (Groundball, 4MD, EV 96.3 MPH)
Batting: RHB Abel Keith 0-0: Ball
1-0: Ball
2-0: Foul Ball, location: 2F
2-1: DOUBLE (Flyball, 8LXD, EV 95.0 MPH)
Batting: LHB José Hernández 0-0: Ball
1-0: Foul Ball, location: 7LSF
1-1: Ball
2-1: Foul Ball, location: 9LSF
2-2: DOUBLE (Line Drive, 7LM, EV 98.8 MPH)
Abel Keith scores
Batting: LHB Jim Ford 0-0: Foul Ball, location: 7LSF
0-1: 2-RUN HOME RUN (Line Drive, 9D, EV 100.0 MPH), Distance : 380 ft
Batting: RHB Kevin Grant 0-0: Ball
1-0: Ball
2-0: Ball
3-0: Foul Ball, location: 2RF
3-1: Called Strike
3-2: Base on Balls
Batting: RHB Arturo Chávez 0-0: Ball
1-0: Ball
Kevin Grant steals 2nd base
2-0: Ground out U3 (Groundball, 3, EV 83.8 MPH)
Bottom of the 1st over - 3 runs, 3 hits, 0 errors, 1 left on base; Spokane 0 - Hillsboro 3
TOP OF THE 2ND
Spokane Indians batting - Pitching for Hillsboro Hops : LHP José Flores
Batting: RHB Don McFarland 0-0: Called Strike
0-1: Ball
1-1: Ball
2-1: Ball
3-1: Base on Balls
Batting: RHB Ken Keith 0-0: Called Strike
0-1: Grounds into double play, 6-4-3 (Groundball, 6, EV 90.6 MPH)
Batting: RHB Gilberto Martínez 0-0: Ball
1-0: Swinging Strike
1-1: Ball
2-1: Ball
3-1: Called Strike
3-2: Base on Balls
Batting: RHB Jim Wilson 0-0: Ball
1-0: Ball
2-0: Foul Ball, location: 2F
2-1: Foul Ball, location: 9LDF
2-2: Strikes out swinging
Top of the 2nd over - 0 runs, 0 hits, 0 errors, 1 left on base; Spokane 0 - Hillsboro 3
BOTTOM OF THE 2ND
Hillsboro Hops batting - Pitching for Spokane Indians : RHP Gil Hill
Batting: RHB José Gómez 0-0: Called Strike
0-1: Ball
1-1: Fly out, F8 (Line Drive, 8RM, EV 95.6 MPH)
Batting: RHB Gus Moore 0-0: Foul Ball, location: 2F
0-1: Foul Ball, location: 9LDF
0-2: Foul Ball, location: 23FF
0-2: Ball
1-2: Foul Ball, location: 23F
1-2: Strikes out swinging
Batting: LHB Jim Hicks 0-0: Ball
1-0: Foul Ball, location: 7LDF
1-1: Ball
2-1: Fly out, F1 (Popup, 15, EV 73.1 MPH)
Bottom of the 2nd over - 0 runs, 0 hits, 0 errors, 0 left on base; Spokane 0 - Hillsboro 3
TOP OF THE 3RD
Spokane Indians batting - Pitching for Hillsboro Hops : LHP José Flores
Batting: RHB Tony Wallace 0-0: Called Strike
0-1: Swinging Strike
0-2: Strikes out swinging
Batting: RHB Ben Fish 0-0: Called Strike
0-1: Foul Ball, location: 2LF
0-2: Ball
1-2: Strikes out looking
Batting: RHB Rubén Chávez 0-0: Ball
1-0: Ground out 5-3 (Groundball, 5L, EV 102.5 MPH)
Top of the 3rd over - 0 runs, 0 hits, 0 errors, 0 left on base; Spokane 0 - Hillsboro 3
BOTTOM OF THE 3RD
Hillsboro Hops batting - Pitching for Spokane Indians : RHP Gil Hill
Batting: RHB Geoff French 0-0: Swinging Strike
0-1: Ground out 5-3 (Groundball, 56S, EV 80.6 MPH)
Batting: RHB Abel Keith 0-0: Fly out, F9 (Line Drive, 89M, EV 93.1 MPH)
Batting: LHB José Hernández 0-0: Fly out, F8 (Flyball, 8LM, EV 94.4 MPH)
Bottom of the 3rd over - 0 runs, 0 hits, 0 errors, 0 left on base; Spokane 0 - Hillsboro 3
TOP OF THE 4TH
Spokane Indians batting - Pitching for Hillsboro Hops : LHP José Flores
Batting: RHB Dave Howard 0-0: Swinging Strike
0-1: Foul Ball, location: 2F
0-2: Ball
1-2: Strikes out swinging
Batting: SHB Ken Webb 0-0: Hit by Pitch
Batting: RHB Don McFarland 0-0: Ball
1-0: Swinging Strike
1-1: Foul Ball, location: 2F
1-2: Ball
2-2: Fly out, F7 (Line Drive, 7LM, EV 101.3 MPH)
Batting: RHB Ken Keith 0-0: Called Strike
0-1: Ball
1-1: Swinging Strike
1-2: Strikes out swinging
Top of the 4th over - 0 runs, 0 hits, 0 errors, 1 left on base; Spokane 0 - Hillsboro 3
BOTTOM OF THE 4TH
Hillsboro Hops batting - Pitching for Spokane Indians : RHP Gil Hill
Batting: LHB Jim Ford 0-0: Ball
1-0: Swinging Strike
1-1: Ball
2-1: Ground out 6-3 (Groundball, 6MS, EV 85.6 MPH)
Batting: RHB Kevin Grant 0-0: Ball
1-0: Foul Ball, location: 2F
1-1: Swinging Strike
1-2: DOUBLE (Line Drive, 89XD, EV 100.6 MPH)
Batting: RHB Arturo Chávez 0-0: Ball
1-0: Called Strike
1-1: Foul Ball, location: 3DF
1-2: Ball
2-2: SINGLE (Line Drive, 5D, EV 76.3 MPH)
Kevin Grant to third
Runner from 3rd tries for Home, SAFE, throw by LF to home
Batting: RHB José Gómez 0-0: Swinging Strike
0-1: Foul Ball, location: 5DF
0-2: Strikes out swinging
Batting: RHB Gus Moore 0-0: Called Strike
0-1: Called Strike
Arturo Chávez is caught stealing 2nd base 2-4
Bottom of the 4th over - 1 run, 2 hits, 0 errors, 0 left on base; Spokane 0 - Hillsboro 4
TOP OF THE 5TH
Spokane Indians batting - Pitching for Hillsboro Hops : LHP José Flores
Batting: RHB Gilberto Martínez 0-0: Foul Ball, location: 2F
0-1: Ball
1-1: Called Strike
1-2: Ball
2-2: Fly out, F7 (Flyball, 7D, EV 106.3 MPH)
Batting: RHB Jim Wilson 0-0: Ball
1-0: Fly out, F9 (Flyball, 89D, EV 103.8 MPH)
Batting: RHB Tony Wallace 0-0: Called Strike
0-1: Ball
1-1: Ball
2-1: Swinging Strike
2-2: DOUBLE (Groundball, 5L, EV 106.9 MPH)
Batting: RHB Ben Fish 0-0: Foul Ball, location: 2F
0-1: Swinging Strike
0-2: Ball
1-2: Strikes out swinging
Top of the 5th over - 0 runs, 1 hit, 0 errors, 1 left on base; Spokane 0 - Hillsboro 4
BOTTOM OF THE 5TH
Hillsboro Hops batting - Pitching for Spokane Indians : RHP Gil Hill
Batting: RHB Gus Moore 0-0: Ball
1-0: Ball
2-0: Swinging Strike
2-1: Ball
3-1: Foul Ball, location: 9LSF
3-2: Foul Ball, location: 9LMF
3-2: Base on Balls
Batting: LHB Jim Hicks 0-0: Foul Ball, location: 7LSF
0-1: Ball
1-1: Ball
2-1: Ball
3-1: Foul Ball, location: 9LSF
3-2: Base on Balls
Gus Moore to second
Batting: RHB Geoff French 0-0: Sac Bunt to 15 - play at first, batter safe!
Gus Moore to third
Jim Hicks to second
Batting: RHB Abel Keith 0-0: Ball
1-0: Grounds into fielders choice 1-2 (Groundball, P, EV 66.9 MPH)
Jim Hicks to third
Geoff French to second
Batting: LHB José Hernández 0-0: Ball
1-0: Foul Ball, location: 2F
1-1: DOUBLE (Flyball, 7LD, EV 98.8 MPH)
Jim Hicks scores
Geoff French scores
Abel Keith to third
Pitching: RHP Víctor Gallardo
Batting: LHB Jim Ford 0-0: Called Strike
0-1: Swinging Strike
0-2: Ball
1-2: Strikes out looking
Batting: RHB Kevin Grant 0-0: Called Strike
0-1: Called Strike
0-2: Ball
1-2: Foul Ball, location: 23F
1-2: Fly out, F8 (Flyball, 8LM, EV 93.1 MPH)
Bottom of the 5th over - 2 runs, 2 hits, 0 errors, 2 left on base; Spokane 0 - Hillsboro 6
TOP OF THE 6TH
Spokane Indians batting - Pitching for Hillsboro Hops : LHP José Flores
Batting: RHB Rubén Chávez 0-0: Ball
1-0: Ball
2-0: Foul Ball, location: 2F
2-1: Ground out 6-3 (Groundball, 6, EV 88.1 MPH)
Batting: RHB Dave Howard 0-0: Called Strike
0-1: Called Strike
0-2: Ball
1-2: Foul Ball, location: 2F
1-2: Strikes out swinging
Batting: SHB Ken Webb 0-0: Called Strike
0-1: Ball
1-1: Ball
2-1: Swinging Strike
2-2: Foul Ball, location: 25F
2-2: Strikes out looking
Top of the 6th over - 0 runs, 0 hits, 0 errors, 0 left on base; Spokane 0 - Hillsboro 6
BOTTOM OF THE 6TH
Hillsboro Hops batting - Pitching for Spokane Indians : RHP Víctor Gallardo
Batting: RHB Arturo Chávez 0-0: Foul Ball, location: 2F
0-1: Ball
1-1: Ball
2-1: Ball
3-1: Foul Ball, location: 2F
3-2: Foul Ball, location: 3F
3-2: Foul Ball, location: 25FF
3-2: Base on Balls
Batting: RHB José Gómez 0-0: Called Strike
0-1: Fielders Choice at 2nd, 6-4 (Groundball, 6, EV 108.8 MPH)
Batting: RHB Gus Moore 0-0: Ball
José Gómez is caught stealing 2nd base 2-4
1-0: Called Strike
1-1: Called Strike
1-2: Reached on error, E3 (Line Drive, 3D, EV 63.1 MPH)
Batting: LHB Jim Hicks 0-0: Called Strike
Gus Moore steals 2nd base
0-1: Ball
1-1: Ball
2-1: Swinging Strike
2-2: Foul Ball, location: 2F
2-2: Ball
3-2: Base on Balls
Batting: RHB Geoff French 0-0: Called Strike
0-1: Foul Ball, location: 2F
0-2: Ball
1-2: Ball
2-2: Foul Ball, location: 2F
2-2: Foul Ball, location: 3FF
2-2: Fly out, F9 (Flyball, 89D, EV 106.3 MPH)
Bottom of the 6th over - 0 runs, 0 hits, 1 error, 2 left on base; Spokane 0 - Hillsboro 6
TOP OF THE 7TH
Spokane Indians batting - Pitching for Hillsboro Hops : LHP José Flores
Batting: RHB Don McFarland 0-0: Ball
1-0: Ball
2-0: Swinging Strike
2-1: Foul Ball, location: 7LMF
2-2: Ball
3-2: Foul Ball, location: 2F
3-2: Foul Ball, location: 9LDF
3-2: Base on Balls
Batting: RHB Ken Keith 0-0: Called Strike
0-1: Foul Ball, location: 23F
0-2: Ball
1-2: Strikes out swinging
Batting: RHB Gilberto Martínez 0-0: Foul Ball, location: 9LMF
0-1: Grounds into double play, 4-6-3 (Groundball, 34, EV 107.5 MPH)
Top of the 7th over - 0 runs, 0 hits, 0 errors, 0 left on base; Spokane 0 - Hillsboro 6
BOTTOM OF THE 7TH
Hillsboro Hops batting - Pitching for Spokane Indians : RHP Víctor Gallardo
Batting: RHB Abel Keith 0-0: Foul Ball, location: 3FF
0-1: Ball
1-1: Fly out, F3 (Popup, 34, EV 77.5 MPH)
Batting: LHB José Hernández 0-0: Called Strike
0-1: Ball
1-1: Ball
2-1: Ball
3-1: Swinging Strike
3-2: Foul Ball, location: 2F
3-2: Strikes out looking
Batting: LHB Jim Ford 0-0: Ball
1-0: SINGLE (Line Drive, 8RS, EV 106.9 MPH)
Batting: RHB Kevin Grant 0-0: Called Strike
0-1: Ball
1-1: Ball
2-1: Called Strike
2-2: SINGLE (Groundball, 13S, EV 66.3 MPH) (infield hit)
Jim Ford to second
Batting: RHB Arturo Chávez 0-0: Called Strike
0-1: Swinging Strike
0-2: Fly out, F9 (Line Drive, 9S, EV 93.1 MPH)
Bottom of the 7th over - 0 runs, 2 hits, 0 errors, 2 left on base; Spokane 0 - Hillsboro 6
TOP OF THE 8TH
Spokane Indians batting - Pitching for Hillsboro Hops : LHP José Flores
Batting: RHB Jim Wilson 0-0: Called Strike
0-1: Ball
1-1: Ball
2-1: Ball
3-1: Foul Ball, location: 2F
3-2: Base on Balls
Pitching: RHP Junnosuke Hasegawa
Batting: RHB Tony Wallace 0-0: Ball
1-0: Ball
2-0: Foul Ball, location: 5DF
2-1: SINGLE (Popup, 6D, EV 53.1 MPH)
Jim Wilson to second
Pinch Hitting: SHB José Flores 0-0: Foul Ball, location: 2F
0-1: Grounds into double play, 6-4-3 (Groundball, 6, EV 80.6 MPH)
Jim Wilson to third
Pinch Hitting: LHB Mike Gibson 0-0: Ball
1-0: Foul Ball, location: 2F
1-1: Ball
2-1: Called Strike
2-2: Foul Ball, location: 2F
2-2: Strikes out looking
Top of the 8th over - 0 runs, 1 hit, 0 errors, 1 left on base; Spokane 0 - Hillsboro 6
BOTTOM OF THE 8TH
Hillsboro Hops batting - Pitching for Spokane Indians : RHP Víctor Gallardo
Now in CF: José Flores
Now in RF: Mike Gibson
Batting: RHB José Gómez 0-0: Called Strike
0-1: Ball
1-1: Ball
2-1: Ball
3-1: Base on Balls
Pitching: RHP Julián Zumaya
Batting: RHB Gus Moore 0-0: Ball
José Gómez steals 2nd base
1-0: Called Strike
1-1: Called Strike
1-2: Strikes out swinging
Batting: LHB Jim Hicks 0-0: Ball
1-0: Ball
2-0: Called Strike
2-1: Swinging Strike
2-2: Foul Ball, location: 3FF
2-2: Ball
3-2: Base on Balls
Batting: RHB Geoff French 0-0: Foul Ball, location: 2F
0-1: Ball
1-1: Hit by Pitch
José Gómez to third
Jim Hicks to second
Batting: RHB Abel Keith 0-0: Foul Ball, location: 5SF
0-1: Ball
1-1: Foul Ball, location: 2F
1-2: Ball
2-2: SINGLE (Line Drive, 5D, EV 99.4 MPH)
José Gómez scores
Jim Hicks to third
Geoff French to second
Batting: LHB José Hernández 0-0: Ball
1-0: Ball
2-0: Ground out 6-3 (Groundball, P, EV 88.1 MPH)
Jim Hicks scores
Geoff French to third
Abel Keith to second
Batting: LHB Jim Ford 0-0: Ball
1-0: Foul Ball, location: 7LDF
1-1: Ball
2-1: 3-RUN HOME RUN (Flyball, 9D, EV 105.0 MPH), Distance : 403 ft
Pitching: RHP Dave Stephenson
Batting: RHB Kevin Grant 0-0: Called Strike
0-1: Ball
1-1: Swinging Strike
1-2: Ball
2-2: Ball
3-2: SINGLE (Line Drive, 78M, EV 91.3 MPH)
Batting: RHB Arturo Chávez 0-0: Ball
1-0: Ball
2-0: Ball
3-0: Called Strike
3-1: Called Strike
3-2: Foul Ball, location: 3F
3-2: Strikes out looking
Bottom of the 8th over - 5 runs, 3 hits, 0 errors, 1 left on base; Spokane 0 - Hillsboro 11
TOP OF THE 9TH
Spokane Indians batting - Pitching for Hillsboro Hops : RHP Junnosuke Hasegawa
Pinch Hitting: LHB Rinaldo Caruso 0-0: Foul Ball, location: 2F
0-1: Foul Ball, location: 9LDF
0-2: Ball
1-2: Strikes out swinging
Batting: SHB Ken Webb 0-0: Ball
1-0: Ball
2-0: Called Strike
2-1: Swinging Strike
2-2: Strikes out swinging, 2-3 out at first.
Batting: RHB Don McFarland 0-0: Ball
1-0: Ball
2-0: Ball
3-0: Called Strike
3-1: Foul Ball, location: 5SF
3-2: Strikes out swinging
Top of the 9th over - 0 runs, 0 hits, 0 errors, 0 left on base; Spokane 0 - Hillsboro 11
Monday, April 1st , 2024 - OOTP Baseball 24.10 Build 82